 Dungeon Crawl Stone Soup version 0.28-a0-124-g73ec313a74 (webtiles) character file.

Game seed: 3548468447545690359

835 jisko22 the Sneak (level 8, 0/55 HPs)
             Began as a Djinni Hedge Wizard on Aug 13, 2021.
             Slain by a wyvern skeleton (2 damage)
             ... on level 5 of the Dungeon on Aug 15, 2021.
             The game lasted 00:31:11 (10465 turns).

jisko22 the Sneak (Djinni Hedge Wizard)            Turns: 10465, Time: 00:31:11

Health: 0/55       AC:  4    Str: 15    XL:     8   Next: 19%
Gold:   172        EV: 13    Int: 17    God:
                   SH:  0    Dex: 14

rFire   + + +      SeeInvis .   a - +0 dagger
rCold   . . .      Faith    .   (no shield)
rNeg    . . .      Spirit   .   d - +2 robe {rC+ rF+}
rPois   ∞          Reflect  .   c - +0 hat
rElec   .          Harm     .   (no cloak)
rCorr   .          Rampage  .   (no gloves)
Will    .....                   (boots unavailable)
Stlth   +++.......              (no amulet)
HPRegen 0.18/turn               k - +6 ring of strength
MPRegen 0.00/turn               (no ring)

@: flying, studying Stealth
A: sickness immunity, fire resistance 2, cold vulnerability 1, float, innate
caster, hp casting, extra vitality 1
a: no special abilities


You were on level 5 of the Dungeon.
You visited 1 branch of the dungeon, and saw 5 of its levels.

You collected 172 gold pieces.

Inventory:

Hand Weapons
 a - a +0 dagger (weapon)
Missiles
 e - 38 sling bullets
 h - 114 stones
 i - 10 poisoned darts (quivered)
 n - 6 boomerangs
Armour
 b - a +0 robe
 c - a +0 hat (worn)
 d - a +2 robe of resistance (worn)
 m - a +0 ring mail
Jewellery
 f - an amulet of faith
 k - a +6 ring of strength (left hand)
Scrolls
 j - a scroll of identify
Potions
 g - a potion of attraction


   Skills:
 - Level 2.4 Fighting
 + Level 3.4 Short Blades
 - Level 3.6 Dodging
 * Level 6.9 Stealth
 - Level 3.9 Spellcasting


You couldn't memorise any spells.
You knew the following spells:

 Your Spells              Type           Power      Damage    Failure   Level
a - Magic Dart            Conj           64%        1d6       3%          1
b - Conjure Flame         Conj/Fire      16%        6-21      10%         3
c - Mephitic Cloud        Conj/Pois/Air  16%        N/A       10%         3
d - Blink                 Tloc           N/A        N/A       4%          2
e - Slow                  Hex            16%        N/A       4%          2
f - Call Imp              Summ           16%        N/A       4%          2
g - Summon Small Mammal   Summ           64%        N/A       3%          1
h - Passwall              Tmut/Erth      13%        N/A       4%          2
w - Gell's Gravitas       Tloc           8%         N/A       10%         3
Your spell library was empty.

Dungeon Overview and Level Annotations

Branches:
Dungeon (5/15)
 Temple: D:4-7

Altars:
Qazlal

Annotations:
D:4 Menkaure


Innate Abilities, Weirdness & Mutations

You are immune to sickness and miasma.
You are immune to poison.
Your flesh is very heat resistant. (rF++)
You are vulnerable to cold. (rC-)
You float through the air rather than walking.
You learn spells naturally, not from books.
Your magical power is your life essence.
You have superior vitality. (+4 HP)


Message History

Casting: Magic Dart (safe; 3% risk of failure)
Confirm with . or Enter, or press ? or * to list all spells.
Aiming: Magic Dart (safe; 3% risk of failure)
Press: ? - help, Shift-Dir - straight line, f/p - wyvern skeleton
Aim: a wyvern skeleton (severely damaged, 100% to hit)
The magic dart hits the wyvern skeleton.
The wyvern skeleton is severely damaged.
The wyvern skeleton bites you!
Casting: Magic Dart (safe; 3% risk of failure)
Confirm with . or Enter, or press ? or * to list all spells.
A beastly little devil appears in a puff of flame.
The wyvern skeleton closely misses you. The wyvern skeleton bites you.
Your crimson imp blinks!
You hit the wyvern skeleton.
The wyvern skeleton is severely damaged.
The wyvern skeleton bites you!
* * * LOW HITPOINT WARNING * * *
Casting: Call Imp (safe; 4% risk of failure)
Confirm with . or Enter, or press ? or * to list all spells.
You blink.
* * * LOW HITPOINT WARNING * * *
Casting: Blink (safe; 4% risk of failure)
Confirm with . or Enter, or press ? or * to list all spells.
A beastly little devil appears in a puff of flame.
* * * LOW HITPOINT WARNING * * *
The wyvern skeleton bites your crimson imp!
Your crimson imp blinks!
Okay, then.
The wyvern skeleton bites you.
* * * LOW HITPOINT WARNING * * *
Casting: Call Imp (safe; 4% risk of failure)
Confirm with . or Enter, or press ? or * to list all spells.
You don't have enough health to cast this spell.
There is an escape hatch in the ceiling here.
Casting: Call Imp (safe; 4% risk of failure)
Confirm with . or Enter, or press ? or * to list all spells.
You don't have enough health to cast this spell.
The wyvern skeleton barely misses you. The wyvern skeleton bites you.
You die...

#######.#.#.###
............#.#
######.#.###.#
#.#.###.# #.#.....#
#.####### #.#
.######.############
........<..Z@.......
######..############
##########..#
............#
##########..# ####


You could see a wyvern skeleton.

Vanquished Creatures
  Sigmund (D:2)
  An ogre (D:4)
  A bullfrog (D:4)
  A scorpion (D:4)
  A hound (D:4)
  An orc wizard (D:3)
  2 adders
  An adder skeleton (D:4)
  3 dart slugs
  3 worms
  3 orcs (D:3)
  6 bats
  8 endoplasms
  2 giant cockroaches
  7 goblins
  6 hobgoblins
  3 jackals (D:4)
  2 kobolds
  2 ball pythons
  6 frilled lizards
  4 rats
  A spectral goblin (D:3)
65 creatures vanquished.

Vanquished Creatures (collateral kills)
  Pikel (D:3)
  A centaur skeleton (D:4)
  An iguana (D:4)
  A hound skeleton (D:4)
  An adder (D:2)
  A worm (D:2)
  A goblin (D:1)
  A kobold (D:2)
  2 rats (D:1)
10 creatures vanquished.

Grand Total: 75 creatures vanquished

Notes
Turn   | Place    | Note
-------+----------+-------------------------------------------
     0 | D:1      | jisko22 the Djinni Hedge Wizard began the quest for the
                  | Orb.
     0 | D:1      | Reached XP level 1. HP: 15/15 MP: 0/0
   613 | D:1      | Reached XP level 2. HP: 17/22 MP: 0/0
  2221 | D:1      | Reached XP level 3. HP: 19/26 MP: 0/0
  2221 | D:1      | Learned a level 1 spell: Summon Small Mammal
  2808 | D:2      | Reached skill level 1 in Fighting
  3226 | D:2      | Noticed Sigmund
  3338 | D:2      | Reached skill level 1 in Short Blades
  3630 | D:2      | Reached XP level 4. HP: 29/32 MP: 0/0
  4467 | D:3      | Found a faded altar of an unknown god.
  5462 | D:3      | Reached XP level 5. HP: 21/37 MP: 0/0
  5462 | D:3      | Learned a level 2 spell: Passwall
  8040 | D:4      | Found a stormy altar of Qazlal.
  8152 | D:4      | Reached XP level 6. HP: 28/43 MP: 0/0
  8323 | D:4      | Identified a scroll of acquirement
  8323 | D:4      | Acquired a manual of Stealth
  8975 | D:4      | Reached skill level 2 in Stealth
  9008 | D:4      | Noticed Pikel
  9422 | D:4      | Noticed an ogre
  9432 | D:4      | Killed an ogre
  9433 | D:4      | Reached skill level 4 in Stealth
  9433 | D:4      | Reached XP level 7. HP: 44/49 MP: 0/0
  9433 | D:4      | Learned a level 3 spell: Gell's Gravitas
  9433 | D:4      | Upgraded the game from 0.28-a0-119-ga52ba8600a to
                  | 0.28-a0-124-g73ec313a74
  9492 | D:4      | Noticed Menkaure
  9573 | D:3      | HP: 2/49 [Pikel (12)]
  9578 | D:3      | HP: 1/49 [Pikel (1)]
  9978 | D:2      | Killed Sigmund
  9979 | D:2      | Reached skill level 5 in Stealth
 10187 | D:3      | Killed Pikel
 10188 | D:3      | Reached skill level 6 in Stealth
 10188 | D:3      | Reached XP level 8. HP: 44/55 MP: 0/0
 10380 | D:5      | Entered Level 5 of the Dungeon
 10458 | D:5      | HP: 1/55 [wyvern skeleton (5)]
 10465 | D:5      | Slain by a wyvern skeleton

Illustrated notes

Levels and vault maps discovered:
D:1:      wander_arrival_lonely_grave, layout_loops_ring, serial_glass,
          glass_columns_a, glass_columns_c, glass_columns_a, glass_columns_a,
          feat_on_display, minmay_strange_pillars, item_on_display_a
D:2:      layout_basic, minivault_19, minmay_stone_trees_medium,
          minmay_misc_feat_columns, uniq_crazy_yiuf_cottage, uniq_sigmund
D:3:      layout_basic, dreamdust_ecumenical_altar_drowned_temple
D:4:      layout_cave_pods, mainiacjoe_overflow_six_doors_small,
          due_unseen_surprise, uniq_menkaure, uniq_pikel
D:5:      kennysheep_kobold_camp, layout_basic, mainiacjoe_overflow_alcove_4,
          nicolae_overflow_hidden_temple

Skill      XL: |  1  2  3  4  5  6  7 |
---------------+----------------------+-----
Fighting       | 1 2 |  2.4
Short Blades   | 1 2 3 |  3.4
Spellcasting   | 3 |  3.9
Dodging        | 3 |  3.6
Stealth        | 4 6 |  6.9

Action                   |  1- 3 |  4- 6 |  7- 9 || total
-------------------------+-------+-------+-------++-------
Melee: Dagger            |     7 |    34 |     9 ||    50
Throw: Dart              |       |     7 |       ||     7
 Cast: Magic Dart        |    78 |   149 |    19 ||   246
       Call Imp          |     6 |     5 |     5 ||    16
       Blink             |     3 |    10 |     4 ||    17
       Conjure Flame     |       |     9 |     3 ||    12
       Mephitic Cloud    |       |    10 |     3 ||    13
       Gell's Gravitas   |       |       |     1 ||     1
  Use: Potion            |     1 |     3 |     1 ||     5
       Scroll            |       |     4 |       ||     4
 Stab: Confused          |       |     3 |     1 ||     4
Armor: Robe              |     3 |     4 |     2 ||     9
Dodge: Dodged            |    14 |    48 |    11 ||    73

Table legend: (Time is in decaauts)
 A = Elapsed time spent in this place.
 B = Non-inter-level travel time spent in this place.
 C = Inter-level travel time spent in this place.
 D = Time resting spent in this place.
 E = Time spent auto-exploring this place.
 F = Levels seen in this place.
 G = Mean time per level.
                   A        B        C        D        E       F      G
               +--------+--------+--------+--------+--------+-----+--------+
         Total |  10464 |  10196 |    268 |   5662 |   3083 |   5 | 2092.8 |
       Dungeon |  10464 |  10196 |    268 |   5662 |   3083 |   5 | 2092.8 |
               +--------+--------+--------+--------+--------+-----+--------+

Top non-repeatable levels by time:
     D:1: 3025 daAuts
     D:4: 3023 daAuts
     D:3: 2988 daAuts
     D:2: 1344 daAuts
     D:5: 84 daAuts
